Map: Catalyseur EC

Players

HoldTheDoor

  • Race: Protoss Protoss
  • League: Diamond
  • Spawn Location: 5:00

ALARAK - Winner!

  • Race: Zerg Zerg
  • League: Master
  • Spawn Location: 11:00

VOD

Have the link to the VOD?

Description

Time

  • Played on: July 2, 2018, 11:30 a.m.
  • Length: 8:54
Show
View Real Time Build Order
Export as new Build Order

HoldTheDoor Protoss 

Build Orders: 1 Gate Expand 

Get SALT Encoding   

  12  0:00  Probe  
  13  0:13  Probe  
  14  0:22  Pylon  
  14  0:25  Probe  
  15  0:38  Probe  
  16  0:44  Gateway  
  16  0:47  Probe  
  16  0:48  Assimilator  
  16  0:55  Probe  
  18  1:06  Probe  
  18  1:29  Nexus  
  18  1:36  Cybernetics Core  
  18  1:38  Probe  
  19  1:46  Assimilator  
  19  1:51  Probe  
  20  1:56  Pylon  
  20  2:03  Probe  
  21  2:13  Adept  
  21  2:14  Warp Gate  
  21  2:15  Probe  
  24  2:27  Probe  
  25  2:32  Gateway  
  25  2:39  Probe  
  25  2:42  Twilight Council  
  25  2:44  Sentry  
  28  2:53  Probe  
  29  3:03  Adept  
  29  3:06  Probe  
  29  3:10  Probe  
  33  3:18  Probe  
  33  3:19  Resonating Glaives  
  34  3:23  Probe  
  34  3:24  Adept  
  37  3:30  Probe  
  38  3:43  Robotics Facility  
  38  3:46  Probe, Pylon  
  38  3:47  Probe  
  40  3:56  Pylon, Gateway  
  40  4:08  Probe  
  40  4:09  Probe  
  42  4:20  Sentry x2, Probe, Warp Prism  
  47  4:25  Pylon  
  47  4:27  Gateway  
  47  4:29  Gateway  
  49  4:37  Probe x2  
  51  4:44  Adept x2  
  55  4:49  Probe  
  55  4:50  Pylon  
  56  4:58  Immortal  
  60  5:10  Adept  
  60  5:11  Adept x2  
  66  5:17  Probe x2  
  68  5:28  Gateway  
  68  5:30  Gateway  
  68  5:32  Pylon  
  68  5:47  Immortal  
  68  5:54  Adept x5  
  82  6:24  Adept  
  82  6:25  Adept  
  86  6:37  Pylon x2  
  86  6:39  Pylon  
  86  6:40  Pylon  
  86  6:41  Pylon  
  86  6:43  Pylon  
  86  6:44  Pylon  
  86  6:46  Pylon  
  86  6:47  Pylon  
  86  6:49  Pylon  
  86  6:51  Gateway  
  86  6:53  Gateway  
  86  6:55  Pylon  
  86  6:57  Pylon  
  86  7:00  Pylon  
  86  7:01  Adept x3  
  92  7:12  Adept x4  
  100  7:26  Stalker x3  
  96  7:37  Stalker x3  
  94  7:49  Stalker  
  94  7:50  Stalker x2  
  90  8:02  Stalker x2  
  62  8:26  Stargate  
  42  8:29  Forge  
  42  8:34  Stalker  
  42  8:39  Assimilator  
  42  8:41  Assimilator  
  44  8:43  Stalker  
  44  8:46  Pylon  
  44  8:48  Pylon  
Show
View Real Time Build Order
Export as new Build Order

ALARAK Zerg - Winner!

Build Orders: Hatch First 

Get SALT Encoding   

  12  0:01  Drone  
  13  0:12  Drone  
  14  0:17  Overlord  
  14  0:37  Drone x3  
  17  0:55  Hatchery  
  16  1:00  Drone x2  
  18  1:05  Extractor  
  17  1:15  Drone  
  18  1:22  Drone  
  19  1:29  Spawning Pool  
  18  1:36  Drone  
  19  1:43  Drone  
  20  1:55  Drone  
  21  2:03  Drone  
  22  2:10  Drone  
  23  2:16  Drone  
  23  2:21  Zergling x2  
  25  2:24  Hatchery  
  25  2:25  Queen  
  26  2:32  Drone  
  26  2:36  Drone  
  28  2:42  Overlord  
  28  2:44  Metabolic Boost  
  28  2:58  Overlord  
  28  3:03  Drone x2  
  32  3:11  Drone x3  
  35  3:18  Zergling x2  
  36  3:28  Queen, Lair  
  36  3:36  Drone x2  
  36  3:37  Drone x3  
  41  3:44  Extractor  
  41  3:46  Drone x3  
  43  4:02  Roach Warren  
  43  4:04  Pneumatized Carapace  
  42  4:12  Extractor  
  42  4:13  Extractor  
  42  4:14  Overlord  
  42  4:15  Drone  
  42  4:16  Drone  
  42  4:17  Overlord  
  42  4:18  Overlord  
  42  4:23  Evolution Chamber  
  42  4:31  Drone  
  42  4:33  Overlord  
  42  4:38  Drone  
  43  4:43  Spore Crawler  
  43  4:45  Drone x3, Spore Crawler  
  44  4:52  Drone x6  
  50  4:57  Overseer  
  50  4:58  Spore Crawler  
  49  5:02  Roach x3  
  54  5:09  Spore Crawler  
  53  5:16  Roach x2  
  53  5:17  Roach x2  
  61  5:28  Spire  
  60  5:30  Roach x2  
  64  5:38  Roach x2  
  68  6:04  Drone x4  
  68  6:05  Overlord  
  68  6:06  Overlord x5  
  71  6:16  Queen  
  72  6:21  Glial Reconstitution  
  72  6:26  Drone  
  73  6:36  Spine Crawler  
  73  6:38  Overlord  
  72  6:40  Mutalisk  
  72  6:41  Mutalisk x3  
  72  6:45  Mutalisk  
  82  7:01  Spine Crawler  
  82  7:02  Mutalisk  
  82  7:03  Mutalisk x3, Spine Crawler  
  88  7:13  Mutalisk x2  
  92  7:16  Drone x2  
  92  7:20  Drone x3  
  86  7:40  Mutalisk x4  
  86  7:41  Mutalisk  
  80  7:48  Spine Crawler  
  80  7:49  Spine Crawler  
  73  8:00  Mutalisk x2, Roach  
  74  8:33  Hatchery  
  73  8:40  Hatchery  
Tags
 
Add a new tag
Caveats
  • Supply blocks, unpowered buildings, or Contaminate may cause inaccurate times.
  • Supply counts are checked every 10 seconds.